Map: Backwater LE

Players

fruitcake - Winner!

  • Race: Terran Terran
  • Spawn Location: 11:00

A.I. 1 (Elite)

  • Race: Zerg Zerg
  • Spawn Location: 5:00

VOD

Have the link to the VOD?

Description

Time

  • Played on: May 5, 2018, 9:01 p.m.
  • Length: 14:05
Show
View Real Time Build Order
Export as new Build Order

fruitcake Terran - Winner!

Build Orders: MMM Bio 

Get SALT Encoding   

  12  0:01  SCV  
  13  0:14  Supply Depot  
  13  0:18  SCV  
  14  0:26  Refinery  
  14  0:30  SCV  
  15  0:43  Barracks  
  15  0:46  SCV  
  16  0:58  SCV  
  17  1:10  SCV  
  18  1:14  Supply Depot  
  18  1:19  Barracks  
  18  1:23  SCV  
  19  1:30  Marine  
  20  1:35  SCV  
  21  1:43  Barracks  
  21  1:47  SCV  
  21  1:50  Marine  
  23  2:00  Orbital Command  
  23  2:08  Barracks Reactor  
  23  2:10  Marine  
  24  2:24  Supply Depot  
  24  2:35  Barracks Tech Lab  
  24  2:36  Barracks Reactor  
  24  2:40  Barracks  
  24  2:46  Marine x2  
  26  3:04  Marine x2  
  28  3:05  Marine  
  28  3:09  Command Center  
  29  3:13  Marine  
  29  3:16  Marine  
  31  3:22  Marine  
  31  3:24  Marauder  
  31  3:25  Supply Depot  
  34  3:32  Marine x2  
  36  3:35  Barracks Reactor  
  36  3:41  SCV  
  36  3:48  Marine, Marauder  
  40  3:53  SCV  
  41  3:59  Marine x2  
  41  4:01  Marine  
  44  4:16  Supply Depot  
  44  4:19  Marine x3  
  44  4:20  Supply Depot  
  47  4:29  SCV x2  
  49  4:37  Engineering Bay  
  49  4:41  SCV x2, Marine  
  52  4:47  Marine  
  52  4:50  Marine  
  54  4:53  SCV x2  
  54  4:58  Marine, Marauder  
  59  5:05  SCV, Terran Infantry Weapons Level 1  
  60  5:14  Marine  
  60  5:15  Marine x3  
  60  5:17  SCV  
  60  5:18  Marine  
  66  5:33  Marine x2  
  66  5:34  Marine x3  
  71  5:37  Barracks Tech Lab, Marine  
  71  5:41  SCV  
  73  5:49  SCV  
  74  5:51  Marine x3  
  74  5:52  Marine  
  78  5:58  Supply Depot  
  78  6:02  Supply Depot  
  78  6:19  Marine x7, SCV  
  86  6:31  SCV  
  86  6:32  Supply Depot  
  87  6:35  Supply Depot  
  87  6:37  Marine x5, Marauder  
  94  6:42  Stimpack  
  94  6:43  Refinery  
  94  6:50  Planetary Fortress  
  94  6:53  Marine  
  95  6:55  Marine x5  
  95  6:56  Supply Depot  
  95  6:59  Supply Depot, Marauder  
  102  7:11  Marine  
  102  7:12  Marine, Terran Infantry Armor Level 1  
  104  7:19  Marine x3  
  104  7:20  Marine, Marauder  
  110  7:29  Marine  
  111  7:30  Marine  
  112  7:37  Marine x3  
  112  7:38  Marine  
  112  7:42  Marauder  
  112  7:43  Supply Depot  
  118  7:47  Marine  
  118  7:48  Marine, Supply Depot  
  120  7:55  Marine x4  
  124  8:01  Factory  
  124  8:03  Marauder  
  124  8:05  Marine  
  127  8:06  Marine, Supply Depot  
  128  8:13  Marine x4  
  132  8:22  Marine  
  132  8:24  Marine, Marauder  
  136  8:28  Supply Depot  
  136  8:30  Marine x2  
  136  8:31  Marine x2  
  140  8:40  Marine  
  141  8:42  Marine  
  141  8:43  Combat Shields  
  141  8:46  Marauder  
  144  8:48  Marine x3  
  144  8:49  Marine  
  144  8:51  Supply Depot  
  148  8:58  Marine  
  148  8:59  Marine  
  150  9:06  Marine x3  
  150  9:07  Marine, Marauder  
  154  9:16  Marine  
  110  9:17  Marine  
  110  9:24  Marine x4  
  100  9:29  Marauder  
  106  9:34  Marine  
  106  9:35  Marine  
  102  9:42  Marine x4  
  106  9:50  Marauder  
  106  9:52  Marine  
  105  9:53  Marine  
  105  9:59  Marine  
  103  10:00  Marine x3  
  103  10:02  Concussive Shells  
  100  10:09  Marine  
  100  10:11  Marine, Marauder  
  99  10:17  Marine x3  
  99  10:18  Marine  
  90  10:27  Marine  
  79  10:28  Marine  
  79  10:33  Marauder  
  79  10:35  Marine x3  
  82  10:36  Marine  
  86  10:45  Marine  
  86  10:46  Marine  
  86  10:53  Marine x3  
  86  10:54  Marine, Marauder  
  89  11:03  Marine  
  88  11:04  Marine  
  88  11:11  Marine x4  
  90  11:15  Marauder  
  92  11:21  Marine  
  92  11:22  Marine  
  93  11:27  Unknown  
  93  11:28  Unknown  
  93  11:37  Marauder  
  87  11:40  Marine x3  
  87  11:41  Marine x2  
  86  11:47  Marine  
  86  11:58  Marine x4, Marauder  
  86  11:59  Marine  
  92  12:05  Marine  
  90  12:15  Marine  
  90  12:16  Marine x3  
  90  12:17  Marine  
  90  12:20  Marauder  
  94  12:22  Marine  
  95  12:33  Marine  
  94  12:41  Marauder  
  95  12:48  Marine  
  95  12:49  Marine x2  
  95  12:50  Marine x2  
  100  12:51  Marine  
  101  13:02  Marauder  
  103  13:06  Marine  
  103  13:07  Marine x3  
  103  13:08  Marine  
  103  13:09  Marine  
  108  13:24  Marine x3, Marauder  
  108  13:25  Marine x2  
  115  13:27  Marine  
  112  13:42  Marine x3  
  112  13:43  Marine x2  
  112  13:45  Marine  
Show
View Real Time Build Order
Export as new Build Order

A.I. 1 (Elite) Zerg 

Build Orders: Pool First 

Get SALT Encoding   

  12  0:00  Drone  
  13  0:12  Overlord  
  13  0:17  Drone  
  14  0:30  Drone x2  
  14  0:34  Drone  
  17  0:47  Spawning Pool  
  17  0:48  Drone  
  17  1:11  Hatchery  
  17  1:13  Drone  
  17  1:15  Extractor  
  17  1:17  Drone  
  17  1:21  Extractor  
  17  1:23  Drone  
  17  1:28  Drone  
  18  1:38  Drone  
  19  1:48  Overlord  
  19  1:54  Queen  
  19  1:59  Zergling x2  
  22  2:10  Drone  
  23  2:23  Queen  
  23  2:26  Drone  
  26  2:32  Drone  
  27  2:37  Drone  
  27  2:42  Drone  
  29  2:56  Drone, Roach Warren  
  29  3:00  Drone  
  29  3:03  Zergling x2  
  31  3:06  Zergling x2  
  31  3:11  Overlord  
  32  3:15  Drone  
  32  3:18  Drone  
  34  3:37  Roach x3  
  34  3:38  Roach  
  42  3:41  Lair  
  42  3:46  Overlord  
  42  3:51  Overlord  
  42  3:54  Zergling x2  
  43  3:57  Zergling x2  
  44  4:04  Zergling x2, Drone x2  
  44  4:07  Drone  
  44  4:09  Drone  
  49  4:12  Drone  
  49  4:16  Overlord  
  50  4:20  Roach  
  54  4:24  Roach  
  54  4:28  Roach  
  54  4:31  Roach  
  58  4:35  Overlord  
  58  4:41  Drone  
  58  4:42  Hydralisk Den  
  58  4:43  Drone  
  59  4:45  Drone  
  59  4:49  Roach  
  59  4:52  Roach  
  64  4:55  Overlord  
  64  5:02  Drone  
  64  5:04  Drone  
  64  5:06  Drone  
  67  5:08  Drone  
  67  5:09  Drone  
  67  5:10  Hydralisk  
  67  5:13  Hydralisk  
  73  5:15  Drone  
  73  5:18  Drone  
  73  5:20  Overlord  
  75  5:24  Drone x2  
  75  5:26  Drone  
  79  5:28  Drone  
  79  5:30  Drone  
  80  5:37  Infestation Pit, Drone  
  80  5:42  Overlord  
  80  5:43  Drone  
  80  5:46  Metabolic Boost  
  81  5:51  Evolution Chamber  
  81  5:53  Drone  
  81  6:04  Ravager  
  82  6:06  Roach, Evolution Chamber  
  82  6:08  Drone  
  84  6:15  Infestor  
  84  6:18  Zerg Missile Weapons Level 1  
  86  6:19  Extractor  
  86  6:21  Extractor, Drone, Infestor  
  86  6:24  Drone, Evolution Chamber  
  87  6:32  Hatchery, Zerg Ground Armor Level 1  
  86  6:33  Drone  
  86  6:35  Ravager  
  88  6:40  Roach, Overlord  
  88  6:41  Drone x3  
  88  6:43  Drone x3  
  96  6:47  Hydralisk  
  96  6:49  Zerg Melee Weapons Level 1  
  96  6:51  Hydralisk  
  100  6:59  Overlord  
  100  7:05  Infestor  
  102  7:19  Overseer  
  102  7:24  Overlord, Infestor  
  102  7:25  Spine Crawler  
  102  7:27  Roach  
  102  7:29  Roach  
  107  7:32  Roach  
  109  7:37  Spine Crawler  
  109  7:43  Queen  
  111  7:44  Drone x4  
  111  7:45  Drone x3, Overlord  
  111  7:46  Drone x3, Pathogen Glands  
  111  7:47  Drone  
  111  7:48  Drone  
  111  7:50  Drone  
  123  7:54  Drone  
  123  7:55  Drone, Extractor  
  123  7:56  Drone  
  125  8:05  Drone, Overlord  
  125  8:06  Drone  
  127  8:15  Drone  
  127  8:16  Drone x2, Zerg Missile Weapons Level 2  
  127  8:18  Drone x3  
  133  8:24  Overlord  
  133  8:33  Drone, Extractor  
  133  8:35  Baneling Nest  
  133  8:37  Drone  
  133  8:40  Spore Crawler, Drone  
  133  8:41  Spore Crawler  
  132  8:42  Drone  
  132  8:43  Zerg Melee Weapons Level 2  
  132  8:47  Zerg Ground Armor Level 2  
  133  8:55  Drone x2  
  135  8:56  Spine Crawler  
  134  9:04  Zergling x4, Overlord  
  134  9:06  Zergling x4  
  134  9:08  Zergling x6  
  135  9:10  Zergling x2  
  135  9:13  Roach, Zergling x4  
  135  9:15  Roach  
  135  9:16  Roach x2  
  124  9:19  Roach, Hydralisk  
  124  9:22  Roach, Baneling, Hydralisk, Infestor  
  124  9:23  Roach, Hatchery, Baneling  
  111  9:24  Roach  
  111  9:25  Roach  
  111  9:27  Roach  
  115  9:36  Overseer, Infestor  
  115  9:38  Zergling x4  
  115  9:43  Roach, Zergling x4, Ravager  
  115  9:44  Zergling x6  
  116  9:47  Ravager  
  116  9:51  Queen  
  108  9:53  Zergling x2, Spore Crawler, Hydralisk x2  
  108  9:54  Roach, Zergling x2  
  108  9:55  Roach x2  
  108  9:58  Zergling x2  
  118  10:01  Zergling x2  
  92  10:16  Drone  
  92  10:19  Zergling x2  
  77  10:21  Roach  
  77  10:24  Roach  
  77  10:26  Zergling x2  
  70  10:28  Roach  
  70  10:31  Roach  
  70  10:34  Roach  
  70  10:39  Zergling x2, Baneling x2  
  70  10:41  Hydralisk x2  
  70  10:42  Roach  
  58  11:00  Zergling x2  
  58  11:03  Zergling x2  
  50  11:07  Roach  
  47  11:12  Roach  
  47  11:13  Hatchery  
  47  11:16  Roach  
  44  11:19  Zergling x2, Baneling  
  44  11:23  Roach  
  29  11:37  Queen  
  26  11:42  Zergling x2  
  21  11:47  Zergling x2  
  20  11:55  Roach  
  22  12:04  Zergling x2  
  22  12:07  Zergling x2  
  10  13:00  Hatchery  
  9  13:44  Hatchery  
Tags
 
Composition
MMM Bio
Matchup
TvZ
Opening
Pool First
Spawn Locations
Cross Positions
Add a new tag
Caveats
  • Supply blocks, unpowered buildings, or Contaminate may cause inaccurate times.
  • Supply counts are checked every 10 seconds.